 Dungeon Crawl Stone Soup version 0.28-a0-1038-g9c4cb8273d (webtiles) character file.

Game seed: 7841896061481471523

1 ytrimaz the Shield-Bearer (level 1, 0/18 HPs)
             Began as a Formicid Fighter on Dec 8, 2021.
             Slain by a frilled lizard (2 damage)
             ... on level 1 of the Dungeon.
             The game lasted 00:00:11 (84 turns).

ytrimaz the Shield-Bearer (Formicid Fighter)          Turns: 84, Time: 00:00:11

Health: 0/18       AC:  6    Str: 20    XL:     1   Next: 22%
Magic:  1/1        EV:  9    Int:  7    God:
Gold:   0          SH:  4    Dex: 10    Spells: 0/0 levels left

rFire   . . .      SeeInvis +   a - +0 war axe
rCold   . . .      Faith    .   c - +0 buckler
rNeg    . . .      Spirit   .   b - +0 scale mail
rPois   .          Reflect  .   (helmet unavailable)
rElec   .          Harm     .   (no cloak)
rCorr   .          Rampage  .   (no gloves)
Will    +....                   (no boots)
Stlth   ..........              (no amulet)
HPRegen 0.06/turn               e - ring of willpower
MPRegen 0.07/turn               (no ring)

@: no status effects
A: permanent stasis, dig shafts and tunnels, antennae 3, four strong arms
a: Dig, Shaft Self


You were on level 1 of the Dungeon.
You visited 1 branch of the dungeon, and saw 1 of its levels.

Inventory:

Hand Weapons
 a - a +0 war axe (weapon)
Armour
 b - a +0 scale mail (worn)
 c - a +0 buckler (worn)
Jewellery
 e - a ring of willpower (left hand)
Potions
 d - a potion of might


   Skills:
 * Level 3.3 Fighting
 * Level 2.0 Axes
 + Level 3.3 Armour
 * Level 3.6 Shields


You couldn't memorise any spells.
You didn't know any spells.
Your spell library was empty.

Dungeon Overview and Level Annotations

Branches:
Dungeon (1/15)

Altars:


Innate Abilities, Weirdness & Mutations

You cannot be hasted, slowed, berserked, paralysed or teleported.
You can dig through walls and to a lower floor.
You have a pair of large antennae on your head. (SInv)
Your four strong arms can wield two-handed weapons with a shield.


Message History

You closely miss the frilled lizard.
The frilled lizard bites you but does no damage. x2
You completely miss the frilled lizard.
The frilled lizard bites you but does no damage.
You closely miss the frilled lizard. You block the frilled lizard's attack.
A frilled lizard is nearby!
A frilled lizard is nearby!
You closely miss the frilled lizard. The frilled lizard bites you.
A frilled lizard comes into view.
The frilled lizard barely misses you.
There are monsters nearby!
There are monsters nearby!
You closely miss the frilled lizard.
The frilled lizard hisses angrily.
The frilled lizard completely misses you.
You barely miss the frilled lizard. The frilled lizard closely misses you.
The frilled lizard barely misses you.
You miss the frilled lizard.
The frilled lizard bites you but does no damage.
You miss the frilled lizard. x2; You block the frilled lizard's attack.
The frilled lizard barely misses you.
The frilled lizard bites you but does no damage.
You closely miss the frilled lizard. You miss the frilled lizard.
The frilled lizard bites you but does no damage.
You block the frilled lizard's attack. The frilled lizard barely misses you.
You barely miss the frilled lizard. You closely miss the frilled lizard.
The frilled lizard misses you.
The frilled lizard bites you but does no damage.
The frilled lizard closely misses you.
Unknown command.
You closely miss the frilled lizard. x2; The frilled lizard bites you. x2
* * * LOW HITPOINT WARNING * * *
You block the frilled lizard's attack.
You miss the frilled lizard. You closely miss the frilled lizard.
The frilled lizard closely misses you. The frilled lizard bites you.
* * * LOW HITPOINT WARNING * * *
Unknown command.
You closely miss the frilled lizard. You miss the frilled lizard.
The frilled lizard barely misses you. The frilled lizard bites you.
You die...

.. .#.# #. ....#.#
#.####...#.# #
#..........#.#.
#......#....... {
#.........#....
##....ll...♣
...#.@..♣.♣ ♣♣♣♣
#####.#.....♣ ♣♣♣♣...
#.........♣♣♣ ♣♣...♣♣♣
#.##.##.....♣♣
♣♣♣♣.♣♣♣.♣
#....##.....♣♣
♣♣♣...♣♣ ♣.♣
#####.....♣♣♣≈♣♣...♣♣♣
♣. ##..♣♣♣♣♣♣≈≈≈.(♣♣♣
♣ ##.♣♣♣ ♣♣♣≈≈≈♣♣♣
#..♣♣ ♣♣≈≈≈≈♣♣


You could see 2 frilled lizards.

Vanquished Creatures
  A hobgoblin (D:1)
1 creature vanquished.

Notes
Turn   | Place    | Note
-------+----------+-------------------------------------------
     0 | D:1      | ytrimaz the Formicid Fighter began the quest for the Orb.
     0 | D:1      | Reached XP level 1. HP: 18/18 MP: 1/1
    84 | D:1      | Slain by a frilled lizard

Illustrated notes

Levels and vault maps discovered:
D:1:      kilobyte_arrival_exit_the_forest, layout_basic, serial_shops,
          nicolae_shop_crystal, nicolae_ecumenical_snake_handling

Action                   || total
-------------------------++-------
Melee: War axe           ||    17
Armor: Scale mail        ||     7
Dodge: Dodged            ||    12
Block: Buckler           ||     7

Table legend: (Time is in decaauts)
 A = Elapsed time spent in this place.
 B = Non-inter-level travel time spent in this place.
 C = Inter-level travel time spent in this place.
 D = Time resting spent in this place.
 E = Time spent auto-exploring this place.
 F = Levels seen in this place.
 G = Mean time per level.
                   A        B        C        D        E       F      G
               +--------+--------+--------+--------+--------+-----+--------+
         Total |     91 |     91 |      0 |      0 |     62 |   1 |   91.0 |
       Dungeon |     91 |     91 |      0 |      0 |     62 |   1 |   91.0 |
               +--------+--------+--------+--------+--------+-----+--------+

Top non-repeatable levels by time:
     D:1: 91 daAuts
